 Seeded DCSS version 0.30.0-17-ge0270778cf (webtiles) character file.

Game seed: 12352473165703896170 (custom seed)

60 Twinkles the Chopper (level 4, -1/40 HPs)
             Began as a Hill Orc Fighter on May 22, 2023.
             Slain by a black bear (5 damage)
             ... on level 3 of the Dungeon.
             The game lasted 00:02:40 (2780 turns).

Twinkles the Chopper (Hill Orc Fighter)             Turns: 2780, Time: 00:02:40

Health: -1/40      AC:  9    Str: 20    XL:     4   Next: 4%
Magic:  4/4        EV:  7    Int:  8    God:
Gold:   149        SH:  4    Dex: 10    Spells: 3/3 levels left

rFire   + . .        a - +0 war axe
rCold   . . .        c - +0 buckler
rNeg    . . .        f - +0 chain mail
rPois   .            (no helmet)
rElec   .            (no cloak)
rCorr   .            (no gloves)
SInv    .            (no boots)
Will    .....        (no amulet) Stlth
                     v - ring of protection from fire
HPRegen 0.26/turn    (no ring)
MPRegen 0.09/turn

%: no passive effects
@: no status effects
A: no striking features
a: no special abilities


You were on level 3 of the Dungeon.
You visited 1 branch of the dungeon, and saw 4 of its levels.

You collected 149 gold pieces.

Inventory:

Hand Weapons
 a - a +0 war axe (weapon)
 e - a +2 dagger of venom
Missiles
 u - 3 poisoned darts (quivered)
 y - 6 javelins
Armour
 b - a +0 scale mail
 c - a +0 buckler (worn)
 f - a +0 chain mail (worn)
Jewellery
 s - an amulet of faith
 v - a ring of protection from fire (left hand)
 A - a +4 ring of slaying
Wands
 p - a wand of paralysis (9)
 B - a wand of roots (14)
Scrolls
 d - a scroll of torment {unknown}
 g - 3 scrolls of teleportation {unknown}
 h - a scroll of acquirement {unknown}
 j - 3 scrolls of enchant weapon {unknown}
 k - a scroll of poison {unknown}
 l - 2 scrolls of identify {unknown}
 n - a scroll of fear {unknown}
 q - 2 scrolls of vulnerability {unknown}
 w - a scroll of blinking {unknown}
 x - a scroll of fog {unknown}
Potions
 m - 4 potions of curing {unknown}
 o - a potion of ambrosia {unknown}
 r - a potion of mutation {unknown}
 t - a potion of heal wounds {unknown}
 z - a potion of degeneration {unknown}
 C - a potion of cancellation {unknown}
 M - a potion of might


   Skills:
 + Level 4.2 Fighting
 * Level 4.4 Axes
 + Level 3.8 Armour
 - Level 3.2 Shields


You had 3 spell levels left.
You didn't know any spells.
Your spell library contained the following spells:

 Spells                   Type           Power      Damage    Failure   Level
 Sublimation of Blood     Necr           0%         N/A       99%         2
 Wereblood                Tmut           0%         N/A       99%         2
 Summon Hydra             Summ           0%         N/A       100%        7


Dungeon Overview and Level Annotations

Branches:
Dungeon (4/15) Zot: 21179
 Temple: D:4-7

Altars:


Message History

* * * LOW HITPOINT WARNING * * *
The black bear claws you but does no damage.
You slash the black bear!
The black bear is heavily wounded.
The black bear bites you.
* * * LOW HITPOINT WARNING * * *
The black bear claws you.
* * * LOW HITPOINT WARNING * * *
The black bear completely misses you.
You hit the black bear but do no damage.
The black bear is heavily wounded.
The black bear bites you but does no damage.
The black bear claws you.
* * * LOW HITPOINT WARNING * * *
You block the black bear's attack.
Throw: throwing net
Press: ? - help, Q - select action, (/) - cycle Shift-Dir - straight line, f - black bear
Aim: a black bear (heavily wounded, 65% to hit)
You throw a throwing net. The throwing net hits the black bear.
The black bear is caught in the net!
The black bear is heavily wounded.
The black bear struggles against the net.
You hit the black bear but do no damage.
The black bear is heavily wounded.
The black bear struggles against the net. x2
You strike the helpless black bear from behind!
You slash the black bear!
The black bear is almost dead.
The black bear goes berserk!
The black bear struggles against the net.
You completely miss the black bear.
The black bear is almost dead.
The black bear struggles against the net.
The net rips apart, and the black bear comes free!
You barely miss the black bear.
The black bear is almost dead.
The black bear bites you.
* * * LOW HITPOINT WARNING * * *
The black bear claws you.
You die...

#.#.......#.# #.#
#.#..######.# #.#
#.#..# #.# #.# #....#
#.########.####
##...#
#.............. #...#
##########.###.
#...#### #..# #.
#.....>### #.## #.
#......@h# #.# #.
#<####.#.# #.# #. #.#
#.#.# #.# #. #.#
#.#.# #.# #. #.#
#.#.# #.# #. #.#
#.#.# #.# #.
##.####.#.##### #.#
#.
#.......#.....#####.#
#.
#.###...............#
##


You could see a black bear (berserk).

Vanquished Creatures
  4 dart slugs
  4 ball pythons
  2 endoplasms
  3 giant cockroaches
  7 goblins
  3 hobgoblins
  7 jackals (D:1)
  3 quokkas
  2 bats
  3 frilled lizards
  3 kobolds
  3 rats
44 creatures vanquished.

Notes
Turn   | Place    | Note
-------+----------+-------------------------------------------
     0 | D:1      | Twinkles the Hill Orc Fighter began the quest for the Orb.
     0 | D:1      | Reached XP level 1. HP: 19/19 MP: 1/1
   280 | D:1      | Reached XP level 2. HP: 27/27 MP: 2/2
   631 | D:1      | Reached XP level 3. HP: 33/33 MP: 3/3
  1040 | D:2      | Found a faded altar of an unknown god.
  2324 | D:3      | Reached XP level 4. HP: 40/40 MP: 4/4
  2766 | D:4      | Noticed a black bear
  2773 | D:3      | HP: 13/40 [black bear (7)]
  2775 | D:3      | HP: 3/40 [black bear (4)]
  2780 | D:3      | HP: 4/40 [black bear (1)]
  2780 | D:3      | Slain by a black bear

Illustrated notes

Levels and vault maps discovered:
D:1:      co_arrival_random_square_maze, layout_basic
D:2:      cheibrodos_old_hovel, layout_basic,
          hellmonk_ecumenical_altar_crossroads
D:3:      layout_loops_ring, item_on_display_a
D:4:      layout_gridville, minmay_temple_entry_mini_moons, grunt_ministairs_7

Skill      XL: |  1  2  3 |
---------------+----------+-----
Axes           | 3 4 |  4.4
Fighting       | 4 |  4.2
Armour         | |  3.8
Shields        | |  3.2

Action                     |  1- 3 |  4- 6 || total
---------------------------+-------+-------++-------
  Melee: War axe           |    92 |    25 ||   117
  Throw: Throwing net      |       |     1 ||     1
   Stab: Held in net/web   |       |     1 ||     1
 Armour: Scale mail        |    11 |       ||    11
         Chain mail        |    34 |    10 ||    44
  Dodge: Dodged            |    26 |     5 ||    31
  Block: Buckler           |    23 |    11 ||    34
